 Dungeon Crawl Stone Soup version 0.24-a0-434-gd57e52fea8 (webtiles) character file.

Game seed: 4481036083476855063

116 theanonym the Magician (level 4, -1/30 HPs)
             Began as a Mummy Air Elementalist on June 15, 2019.
             Slain by a hippogriff (7 damage)
             ... on level 2 of the Dungeon.
             The game lasted 00:04:19 (2994 turns).

theanonym the Magician (Mummy Air Elementalist)     Turns: 2994, Time: 00:04:20

Health: -1/30      AC:  8    Str: 11    XL:     4   Next: 70%
Magic:  1/10       EV: 10    Int: 15    God:
Gold:   165        SH:  0    Dex: 12    Spells: 7/11 levels left

rFire    x . .     SeeInvis .   b - +1 short sword (protect)
rCold    + . .     Gourm    .   (no shield)
rNeg     + + +     Faith    .   h - +0 ring mail
rPois    ∞         Spirit   .   e - +2 helmet
rElec    .         Reflect  .   (no cloak)
rCorr    .         Harm     .   (no gloves)
MR       .....                  (no boots)
Stlth    +.........             (no amulet)
HPRegen  0.10/turn              (no ring)
MPRegen  0.12/turn              (no ring)

@: very slightly contaminated
A: no food or potions, fire vulnerability, cold resistance 1, negative energy
resistance 3, torment resistance, unbreathing
a: no special abilities


Innate Abilities, Weirdness & Mutations

You do not eat or drink.
Your flesh is vulnerable to fire.
You are immune to poison.
Your flesh is cold resistant. (rC+)
You are immune to negative energy. (rN+++)
You are immune to unholy pain and torment.
You can survive without breathing.


   Skills:
 * Level 1.0 Armour
 - Level 1.5 Dodging
 - Level 1.5 Stealth
 + Level 4.0 Spellcasting
 + Level 2.0 Conjurations
 + Level 3.1 Air Magic


You had 7 spell levels left.
You knew the following spells:

 Your Spells              Type           Power        Failure   Level  Hunger
a - Shock                 Conj/Air       ##..         14%         1    N/A
b - Static Discharge      Conj/Air       ##......     41%         3    N/A

Your spell library contained the following spells:

 Spells                   Type           Power        Failure   Level  Hunger
 Swiftness                Chrm/Air       #.......     32%         2    N/A
 Airstrike                Air            ##........   75%         4    N/A
 Lightning Bolt           Conj/Air       ##........   99%         5    N/A

Skill      XL: |  1  2  3  4 |
---------------+-------------+-----
Conjurations   | 1 2 |  2.0
Spellcasting   | 3 4 |  4.0
Air Magic      | 3 |  3.1
Armour         | 1 |  1.0
Dodging        | |  1.5
Stealth        | |  1.5

Action                   |  1- 3 |  4- 6 || total
-------------------------+-------+-------++-------
Melee: Short sword       |    45 |    20 ||    65
 Cast: Shock             |    85 |    36 ||   121
  Use: Scroll            |       |     2 ||     2
Armor: Robe              |    17 |       ||    17
       Ring mail         |     1 |    36 ||    37
Dodge: Dodged            |    46 |    34 ||    80

Inventory:

Hand Weapons
 b - a +1 short sword of protection (weapon)
Armour
 a - a +0 robe
 e - a +2 helmet (worn)
 h - a +0 ring mail (worn)
Scrolls
 f - a scroll of fog
 g - a scroll of amnesia {unknown}
 n - a scroll of remove curse
 r - 2 scrolls of identify


You were on level 2 of the Dungeon.
You were not hungry.

You visited 1 branch of the dungeon, and saw 3 of its levels.

You collected 165 gold pieces.

Dungeon Overview and Level Annotations

Branches:
Dungeon (3/15)

Altars:

Annotations:
D:2 1 runed translucent door, Crazy Yiuf

.# #.#..............#
.# #####
#................# .#
#)..#
##.#...########### .#
#...# #.#...# .# ...
#.....# .# #+#
##....#### .# ♣.♣♣
#.......# .# ♣♣.♣
####H..##.# .# ♣.♣♣
#....@..#.# .# ♣♣.♣
#.[.....#.# .# ♣♣.♣♣
#.......#.# .# ♣♣...♣
#.......#.# .# ♣....♣
#.......#.# .# ##..##
#.......#.#
.####....###.......#.#
..##............####.#
..##.#.(.............#


You could see a hippogriff.

Notes
Turn   | Place    | Note
-------+----------+-------------------------------------------
     0 | D:1      | theanonym the Mummy Air Elementalist began the quest for
                  | the Orb.
     0 | D:1      | Reached XP level 1. HP: 13/13 MP: 4/4
   238 | D:1      | Reached skill level 1 in Conjurations
   371 | D:1      | Reached skill level 3 in Spellcasting
   371 | D:1      | Reached XP level 2. HP: 19/19 MP: 0/6
   821 | D:1      | Reached XP level 3. HP: 19/24 MP: 0/7
  1004 | D:1      | Learned a level 3 spell: Static Discharge
  1172 | D:2      | Noticed Robin
  1211 | D:2      | HP: 12/24 [hobgoblin[Robin] (6)]
  1216 | D:2      | Killed Robin
  1224 | D:2      | HP: 8/24 [goblin[Robin] (1)]
  1231 | D:2      | HP: 6/24 [hobgoblin/+0 club[Robin] (3)]
  1232 | D:2      | HP: 2/24 [goblin/+0 club[Robin] (4)]
  1359 | D:2      | Reached skill level 3 in Air Magic
  1671 | D:2      | HP: 12/24 [hobgoblin/+0 short sword (2)]
  2231 | D:2      | Reached XP level 4. HP: 30/30 MP: 9/9
  2240 | D:2      | Found a runed translucent door.
  2241 | D:2      | Noticed Crazy Yiuf
  2670 | D:3      | Noticed Jessica
  2682 | D:2      | Killed Jessica
  2682 | D:2      | Reached skill level 2 in Conjurations
  2804 | D:3      | Reached skill level 4 in Spellcasting
  2845 | D:3      | Reached skill level 1 in Armour
  2971 | D:3      | Noticed a hippogriff
  2991 | D:3      | HP: 11/30 [hippogriff (6)]
  2991 | D:3      | HP: 5/30 [hippogriff (6)]
  2994 | D:2      | Slain by a hippogriff

Vanquished Creatures
  Jessica (D:2)
  Robin (D:2)
  2 worms (D:2)
  A leopard gecko (D:1)
  3 orcs (D:3)
  A giant cockroach (D:1)
  8 hobgoblins
  7 jackals
  A quokka (D:3)
  6 bats
  3 frilled lizards (D:1)
  15 goblins
  7 kobolds
  11 rats
67 creatures vanquished.

Table legend:
 A = Turns spent in this place as a percentage of turns spent in the entire game.
 B = Non-inter-level travel turns spent in this place as a percentage of non-inter-level travel turns spent in the entire game.
 C = Inter-level travel turns spent in this place as a percentage of turns spent in this place.
 D = Turns resting spent in this place as a percentage of non-inter-level travel turns spent in this place.
 E = Turns spent auto-exploring this place as a percentage of non-inter-level travel turns spent in this place.
 F = Non-inter-level travel turns spent in this place divided by the number of levels of this place that you've seen.
                   A       B       C       D       E      F
               +-------+-------+-------+-------+-------+----------------------
         Total | 100.0 | 100.0 |   2.1 |  39.8 |  46.3 | 976.7
       Dungeon | 100.0 | 100.0 |   2.1 |  39.8 |  46.3 | 976.7
               +-------+-------+-------+-------+-------+----------------------
